 Dungeon Crawl Stone Soup version 0.30-b1-2-g02819fbbbe (webtiles) character file.

Game seed: 8014939768061268418

408 LLlMATKO the Chopper (level 6, -2/56 HPs)
             Began as a Minotaur Berserker on Aug 10, 2023.
             Was a Priest of Trog.
             Succumbed to a gnoll sergeant's poison
             ... on level 4 of the Dungeon.
             The game lasted 00:02:26 (2942 turns).

LLlMATKO the Chopper (Minotaur Berserker)           Turns: 2942, Time: 00:02:27

Health: -2/56      AC: 10    Str: 24    XL:     6   Next: 57%
Magic:  5/5        EV:  9    Int:  4    God:    Trog [***...]
Gold:   127        SH:  0    Dex:  9    Spells: 5/5 levels left

rFire   . . .        a - +0 hand axe
rCold   . . .        (no shield)
rNeg    . . .        t - +0 chain mail
rPois   .            (helmet restricted)
rElec   .            (no cloak)
rCorr   .            o - +0 pair of gloves
SInv    .            (no boots)
Will    .....        (no amulet) Stlth
                     (no ring)
HPRegen 0.29/turn    (no ring)
MPRegen 0.09/turn

%: no passive effects
@: lethally poisoned (-2 -> -17), on berserk cooldown, slowed, very slow
A: horns 2, retaliatory headbutt
a: Renounce Religion, Berserk, Trog's Hand


You were on level 4 of the Dungeon.
You worshipped Trog.
Trog was most pleased with you.
You visited 1 branch of the dungeon, and saw 4 of its levels.

You collected 127 gold pieces.

Inventory:

Hand Weapons
 a - a +0 hand axe (weapon)
 u - a +3 spear of venom
Armour
 o - a +0 pair of gloves (worn)
 t - a +0 chain mail (worn)
Jewellery
 n - an amulet of the acrobat
Wands
 b - a wand of light (9)
Scrolls
 d - 3 scrolls of teleportation {unknown}
 e - a scroll of enchant armour {unknown}
 f - a scroll of fog {unknown}
 h - 5 scrolls of identify {unknown}
 j - a scroll of blinking {unknown}
 r - a scroll of torment {unknown}
 s - a scroll of poison {unknown}
 w - a scroll of noise {unknown}
Potions
 c - a potion of magic {unknown}
 g - a potion of curing {unknown}
 i - a potion of lignification {unknown}
 k - 3 potions of invisibility {unknown}
 l - a potion of heal wounds {unknown}
 m - a potion of might {unknown}
 p - a potion of attraction {unknown}
 q - a potion of resistance {unknown}
 v - a potion of flight {unknown}
 x - a potion of cancellation {unknown}


   Skills:
 + Level 5.4 Fighting
 + Level 5.4 Axes
 + Level 4.6 Armour
 + Level 4.2 Dodging


You had 5 spell levels left.
You didn't know any spells.
Your spell library was empty.

Dungeon Overview and Level Annotations

Branches:
Dungeon (4/15)
 Temple: D:4-7

Altars:


Innate Abilities, Weirdness & Mutations

You have a pair of horns on your head.
You reflexively headbutt those who attack you in melee.


Message History

You feel very sick. The gnoll hits you with a +0 whip.
The gnoll barely misses you. The gnoll sergeant closely misses you.
You see here a +0 club.
You slash the gnoll sergeant!
Your headbutt misses the gnoll sergeant.
The gnoll sergeant is moderately wounded.
You closely miss the gnoll. You hit the gnoll.
You kill the gnoll!
Trog accepts your kill.
You feel very sick.
You slash the gnoll sergeant!
The gnoll sergeant is almost dead.
You hit the gnoll.
You feel very sick. The gnoll hits you with a +0 whip.
* * * LOW HITPOINT WARNING * * *
The gnoll sergeant hits you with a +1 spear of venom.
* * * LOW HITPOINT WARNING * * *
You are more poisoned.
You barely miss the gnoll sergeant. You headbutt the gnoll sergeant.
You kill the gnoll sergeant!
Trog accepts your kill.
You slash the gnoll!
You kill the gnoll!
Trog accepts your kill.
* * * LOW HITPOINT WARNING * * *
You feel very sick.
* * * LOW HITPOINT WARNING * * *
You feel very sick.
Things that are here:
a +1 spear of venom; a +0 scale mail; a gnoll corpse You feel a strong urge to attack something.
* * * LOW HITPOINT WARNING * * *
You feel very sick.
You see here a +0 club.
You are no longer berserk.
You are exhausted.
You feel yourself slow down.
You die...

#.....## #...........##
##......### #............##
##.........###...###.........
........##......## ##.....#..
##......##.....## ##(#..##
##......#.....## ##..##.#
#.............###..## .#
##........ #.##..## .
#........####)@...# #
##............)....####
##............)###.....#
#.............## #......#
<.#....###.... #..###...#
.#....## #.... #..# ..#
.....## #.... #..# .# .....#
#..... .#.. # ....## #.....
.....


There were no monsters in sight!

Vanquished Creatures
  A black bear (D:4)
  A gnoll sergeant (D:4)
  A jelly (D:3)
  An orc wizard (D:3)
  Robin (D:3)
  3 gnolls (D:4)
  7 adders
  3 worms
  3 dart slugs
  4 orcs (D:3)
  4 ball pythons
  4 endoplasms
  2 giant cockroaches
  16 goblins
  4 hobgoblins
  6 jackals (D:1)
  3 kobolds
  2 quokkas (D:1)
  5 bats
  4 frilled lizards
  5 rats
80 creatures vanquished.

Vanquished Creatures (others)
  A fungus (D:4)
  3 plants
  5 toadstools (D:1)
9 creatures vanquished.

Grand Total: 89 creatures vanquished

Notes
Turn   | Place    | Note
-------+----------+-------------------------------------------
     0 | D:1      | LLlMATKO the Minotaur Berserker began the quest for the
                  | Orb.
     0 | D:1      | Reached XP level 1. HP: 19/19 MP: 0/0
   144 | D:1      | Reached XP level 2. HP: 23/27 MP: 1/1
   671 | D:1      | Reached XP level 3. HP: 33/33 MP: 2/2
  1187 | D:2      | Reached ** piety under Trog
  1351 | D:2      | Found a faded altar of an unknown god.
  1570 | D:2      | Reached XP level 4. HP: 29/41 MP: 3/3
  1970 | D:3      | Noticed Robin
  1985 | D:3      | Killed Robin
  2345 | D:3      | Reached XP level 5. HP: 47/47 MP: 4/4
  2808 | D:4      | Noticed a black bear
  2810 | D:4      | Reached skill level 5 in Fighting
  2810 | D:4      | Reached skill level 5 in Axes
  2814 | D:4      | Killed a black bear
  2815 | D:4      | Reached XP level 6. HP: 50/56 MP: 5/5
  2939 | D:4      | Reached *** piety under Trog
  2941 | D:4      | HP: 2/84 [poisoned by a gnoll sergeant]
  2942 | D:4      | Succumbed to a gnoll sergeant's poison

Illustrated notes

Levels and vault maps discovered:
D:1:      ldierk_walled_garden, layout_basic
D:2:      layout_loops_ring, shapermc_ecumenical_altar_mp_urbaneastern,
          serial_glass, glass_columns_b, glass_columns_a,
          kennysheep_generic_room_8
D:3:      corexii_shack_village, layout_loops_ring, uniq_robin
D:4:      layout_layer_cave, grunt_temple_overflow_forces_of_nature,
          mainiacjoe_overflow_brackets

Skill      XL: |  1  2  3  4  5 |
---------------+----------------+-----
Fighting       | 4 5 |  5.4
Axes           | 4 5 |  5.4
Armour         | 3 4 |  4.6
Dodging        | 3 4 |  4.2

Action                     |  1- 3 |  4- 6 || total
---------------------------+-------+-------++-------
  Melee: Hand axe          |    64 |   109 ||   173
         Headbutt          |     8 |    19 ||    27
         Punch             |       |     2 ||     2
 Invoke: Berserk           |       |     2 ||     2
   Stab: Sleeping          |     1 |       ||     1
 Armour: Animal skin       |    11 |       ||    11
         Ring mail         |     4 |       ||     4
         Chain mail        |       |    65 ||    65
  Dodge: Dodged            |    40 |    42 ||    82
